 Dungeon Crawl Stone Soup version 0.15-a0-2232-g756d4b8 (webtiles) character file.

73 Charly the Insei (level 4, -4/35 HPs)
             Began as a Draconian Transmuter on July 25, 2014.
             Killed from afar by Natasha (6 damage)
             ... with a magic dart
             ... on Level 4 of the Dungeon.
             The game lasted 00:10:44 (687 turns).

Charly the Insei (Draconian Transmuter)              Turns: 687, Time: 00:10:44

HP  -4/35        AC  6     Str 12      XL: 4   Next:  8%
MP   3/7         EV 12     Int 14      God:
Gold 84          SH  0     Dex 12      Spells:  3 memorised,  1 level left

rFire  . . .     SeeInvis .     b - 6 arrows
rCold  . . .     Clarity  .     (armour unavailable)
rNeg   . . .     rCorr    .     (no shield)
rPois  .         rRot     .     (helmet restricted)
rElec  .         Spirit   .     (no cloak)
SustAb .         Warding  .     i - +0 pair of gloves
rMut   .         Stasis   .     (no boots)
Gourm  .                        (no amulet)
MR     .....                    (no ring)
                                (no ring)

@: very slightly contaminated, not resistant to hostile enchantments, very
unstealthy
A: unfitting armour, cold-blooded, AC +5
a: no special abilities


You were on level 4 of the Dungeon.
You were not hungry.

You visited 1 branch of the dungeon, and saw 4 of its levels.

You collected 84 gold pieces.

Inventory:

Hand weapons
 q - a +0 broad axe
Missiles
 b - 6 arrows (in hand)
 j - 14 poisoned needles
 k - 22 stones (quivered)
Armour
 i - a +0 pair of gloves (worn)
Comestibles
 a - 3 bread rations
 p - a beef jerky
Scrolls
 f - 3 scrolls of random uselessness {unknown}
 g - 4 scrolls of identify {unknown}
 h - a scroll of remove curse {unknown}
 l - a scroll of recharging {unknown}
 m - a scroll of amnesia {unknown}
Potions
 c - a potion of agility {unknown}
 e - 2 potions of heal wounds {unknown}
 n - a potion of curing {unknown}
 o - a potion of cancellation {unknown}
Books
 d - a book of Changes

   Spells                             Type                      Level
   *Beastly Appendage                 Transmutation                1
   *Sticks to Snakes                  Transmutation                2
   *Spider Form                       Transmutation/Poison         3
   Ice Form                           Ice/Transmutation            4
   Blade Hands                        Transmutation                5


   Skills:
 - Level 1.1 Fighting
 - Level 1.7 Dodging
 + Level 4.3 Unarmed Combat
 - Level 2.0 Spellcasting
 + Level 2.8 Transmutations
 * Level 1.0 Poison Magic


You had one spell level left.
You knew the following spells:

 Your Spells              Type           Power        Failure   Level  Hunger
b - Beastly Appendage     Trmt           #.....       10%         1    ##.....
s - Sticks to Snakes      Trmt           #.........   14%         2    ###....
S - Spider Form           Trmt/Pois      #.........   38%         3    ####...


Dungeon Overview and Level Annotations

Branches:
Dungeon (4/15)
 Temple: D:4-7

Altars:
Elyvilon
Gozag
Sif Muna
Yredelemnul
The Shining One

Annotations:
D:4 Natasha


Innate Abilities, Weirdness & Mutations

Your plain brown scales are hard (AC +5).
Your body does not fit into most forms of armour.
Your cold-blooded metabolism reacts poorly to cold.


Message History

Found a stone staircase leading down.
An ooze and Natasha come into view.
The ooze quivers.
Found a short sword.
You see here 16 gold pieces.
b - 7 arrows (in hand)
Casting: Spider Form
Confirm with . or Enter, or press ? or * to list all spells.
You miscast Sticks to Snakes.
You are very lightly contaminated with residual magic.
The air around you crackles with energy!
Casting: Sticks to Snakes
Confirm with . or Enter, or press ? or * to list all spells.
You create a snake!
Natasha casts a spell at you. The magic dart hits you!
* * * LOW HITPOINT WARNING * * *
Natasha casts a spell at you. The magic dart hits you!
You die...

#.##......#.........
#..#...#..#.......
....##.#..#...#.##
... #...#....#
#..#..#..#
#.#..#...#
#...#......
#..#..#..##
#@#..#.... #...#....
#$.#..#..
#............
#.##.S...... #
......#.# .h....# #
##J...... #..>.##


You could see an ooze, Natasha and a friendly ball python.

Vanquished Creatures
  A worker ant (D:4)
  2 adders (D:2)
  A giant gecko (D:1)
  An ooze (D:2)
  2 ball pythons
  3 bats
  3 giant cockroaches
  A goblin (D:1)
  3 hobgoblins
  2 jackals (D:2)
  2 quokkas (D:2)
  A giant newt (D:1)
  2 rats (D:2)
24 creatures vanquished.

Vanquished Creatures (collateral kills)
  An adder (D:2)
  A rat (D:2)
2 creatures vanquished.

Grand Total: 26 creatures vanquished

Notes
Turn   | Place    | Note
--------------------------------------------------------------
     0 | D:1      | Charly, the Draconian Transmuter, began the quest for the Orb.
     0 | D:1      | Reached XP level 1. HP: 16/16 MP: 3/3
   306 | D:1      | Reached XP level 2. HP: 23/23 MP: 4/4
   317 | D:1      | Learned a level 2 spell: Sticks to Snakes
   409 | D:2      | Reached skill level 4 in Unarmed Combat
   409 | D:2      | Reached XP level 3. HP: 6/28 MP: 0/6
   462 | D:2      | Learned a level 3 spell: Spider Form
   583 | D:4      | Found a glowing golden altar of the Shining One.
   583 | D:4      | Found a basalt altar of Yredelemnul.
   584 | D:4      | Found an opulent altar of Gozag.
   584 | D:4      | Found a deep blue altar of Sif Muna.
   585 | D:4      | Found a white marble altar of Elyvilon.
   628 | D:4      | Reached skill level 1 in Poison Magic
   628 | D:4      | Reached XP level 4. HP: 16/35 MP: 3/7
   682 | D:4      | Noticed Natasha
   687 | D:4      | Killed from afar by Natasha

Action                   |  1- 3 |  4- 6 || total
-------------------------+-------+-------++-------
Melee: Unarmed           |    87 |       ||    87
Throw: Stone             |     4 |       ||     4
 Cast: Beastly Appendage |    11 |       ||    11
       Sticks to Snakes  |     5 |     1 ||     6
       Spider Form       |     1 |       ||     1
 Abil: End Transformatio |       |     1 ||     1
